| TOP OF THE 1ST |
|
Kelowna Heat batting - Pitching for Madison Brewers : RHP Tom Wendel
|
|
Pitching: RHP Tom Wendel
|
|
|
Batting: RHB Miguel Gonzalez
|
0-0: Fly out, F3 (Popup, 3F, EV 64.4 MPH)
|
|
Batting: RHB Josh Truell
|
0-0: Called Strike 0-1: Ball 1-1: Foul Ball, location: 2F 1-2: Ball 2-2: Ball 3-2: Ground out 6-3 (Groundball, 56, EV 108.1 MPH)
|
|
Batting: LHB Chris West
|
0-0: Swinging Strike 0-1: Ball 1-1: Ball 2-1: Ball 3-1: Swinging Strike 3-2: Foul Ball, location: 2F 3-2: Foul Ball, location: 2F 3-2: Strikes out looking
|
| Top of the 1st over - 0 runs, 0 hits, 0 errors, 0 left on base; Kelowna 0 - Madison 0 |
| BOTTOM OF THE 1ST |
|
Madison Brewers batting - Pitching for Kelowna Heat : RHP Sanya Mikushevich
|
|
Pitching: RHP Sanya Mikushevich
|
|
|
Batting: LHB Rick Campbell
|
0-0: Called Strike 0-1: Ball 1-1: Ball 2-1: Ground out 4-3 (Groundball, 4, EV 91.3 MPH)
|
|
Batting: RHB Victor Alarcon
|
0-0: Foul Ball, location: 2F 0-1: Ground out 4-3 (Groundball, 4, EV 105.0 MPH)
|
|
Batting: SHB Jerry Duffy
|
0-0: Ball 1-0: Called Strike 1-1: Fly out, F7 (Flyball, 78M, EV 83.1 MPH)
|
| Bottom of the 1st over - 0 runs, 0 hits, 0 errors, 0 left on base; Kelowna 0 - Madison 0 |
| TOP OF THE 2ND |
|
Kelowna Heat batting - Pitching for Madison Brewers : RHP Tom Wendel
|
|
Batting: RHB Billy Pranger
|
0-0: Foul Ball, location: 2F 0-1: Swinging Strike 0-2: Foul Ball, location: 2F 0-2: Strikes out swinging
|
|
Batting: LHB Steve Nevis
|
0-0: Ball 1-0: Called Strike 1-1: Fly out, F7 (Line Drive, 7, EV 102.5 MPH)
|
|
Batting: RHB Malik Sharpless
|
0-0: Called Strike 0-1: Ball 1-1: Foul Ball, location: 2F 1-2: Strikes out swinging
|
| Top of the 2nd over - 0 runs, 0 hits, 0 errors, 0 left on base; Kelowna 0 - Madison 0 |
| BOTTOM OF THE 2ND |
|
Madison Brewers batting - Pitching for Kelowna Heat : RHP Sanya Mikushevich
|
|
Batting: SHB Ramon Perez
|
0-0: Called Strike 0-1: Ground out 4-3 (Groundball, 4, EV 85.0 MPH)
|
|
Batting: RHB Drew Forbess
|
0-0: Ball 1-0: Called Strike 1-1: Foul Ball, location: 2F 1-2: Fly out, F8 (Flyball, 89D, EV 102.5 MPH)
|
|
Batting: RHB Alfredo Sena
|
0-0: Ball 1-0: Ball 2-0: SINGLE (Flyball, 8RS, EV 95.0 MPH)
|
|
Batting: RHB Leo Serrano
|
0-0: Called Strike 0-1: Ball 1-1: Foul Ball, location: 2F 1-2: Ball 2-2: Fly out, F9 (Line Drive, 9D, EV 94.4 MPH)
|
| Bottom of the 2nd over - 0 runs, 1 hit, 0 errors, 1 left on base; Kelowna 0 - Madison 0 |
| TOP OF THE 3RD |
|
Kelowna Heat batting - Pitching for Madison Brewers : RHP Tom Wendel
|
|
Batting: LHB Takaaki Nishimoto
|
0-0: Swinging Strike 0-1: Swinging Strike 0-2: Ball 1-2: Ball 2-2: Strikes out swinging
|
|
Batting: RHB Bob Schweiger
|
0-0: Fly out, F7 (Line Drive, 7D, EV 110.6 MPH)
|
|
Batting: RHB Chance Robinson
|
0-0: Foul Ball, location: 2F 0-1: Ball 1-1: Ball 2-1: Swinging Strike 2-2: Ball 3-2: Strikes out swinging
|
| Top of the 3rd over - 0 runs, 0 hits, 0 errors, 0 left on base; Kelowna 0 - Madison 0 |
| BOTTOM OF THE 3RD |
|
Madison Brewers batting - Pitching for Kelowna Heat : RHP Sanya Mikushevich
|
|
Batting: RHB Jesus Menjivar
|
0-0: Called Strike 0-1: Ball 1-1: Called Strike 1-2: Ball 2-2: Ball 3-2: Foul Ball, location: 2F 3-2: SINGLE (Groundball, 56D, EV 99.4 MPH)
|
|
Batting: RHB Justin Marino
|
0-0: Called Strike 0-1: Foul Ball, location: 2F 0-2: Strikes out swinging
|
|
Batting: LHB Rick Campbell
|
0-0: Reached on error, E5 (Groundball, 15, EV 82.5 MPH) Jesus Menjivar to second
|
|
Batting: RHB Victor Alarcon
|
0-0: Ball 1-0: Called Strike 1-1: Foul Ball, location: 2F 1-2: Foul Ball, location: 2F 1-2: Foul Ball, location: 2F 1-2: Foul Ball, location: 2F 1-2: Strikes out swinging
|
|
Batting: SHB Jerry Duffy
|
0-0: Swinging Strike 0-1: Foul Ball, location: 2F 0-2: Ball 1-2: Foul Ball, location: 2F 1-2: Fly out, F6 (Popup, 6S, EV 77.5 MPH)
|
| Bottom of the 3rd over - 0 runs, 1 hit, 1 error, 2 left on base; Kelowna 0 - Madison 0 |
| TOP OF THE 4TH |
|
Kelowna Heat batting - Pitching for Madison Brewers : RHP Tom Wendel
|
|
Batting: RHB Miguel Gonzalez
|
0-0: Ball 1-0: Foul Ball, location: 2F 1-1: Called Strike 1-2: Foul Ball, location: 2F 1-2: Foul Ball, location: 2F 1-2: Strikes out swinging
|
|
Batting: RHB Josh Truell
|
0-0: Ball 1-0: Ball 2-0: Ball 3-0: Called Strike 3-1: Called Strike 3-2: Base on Balls
|
|
Batting: LHB Chris West
|
0-0: Called Strike 0-1: Foul Ball, location: 2F 0-2: Foul Ball, location: 2F 0-2: Ball 1-2: SINGLE (Groundball, 4MD, EV 96.3 MPH) Josh Truell to second Runner from 2nd tries for 3rd, SAFE, throw by CF made to third
|
|
Batting: RHB Billy Pranger
|
0-0: Called Strike 0-1: Ball 1-1: Foul Ball, location: 2F 1-2: Foul Ball, location: 2F 1-2: Grounds into double play, 3-6-3 (Groundball, 34S, EV 85.0 MPH)
|
| Top of the 4th over - 0 runs, 1 hit, 0 errors, 1 left on base; Kelowna 0 - Madison 0 |
| BOTTOM OF THE 4TH |
|
Madison Brewers batting - Pitching for Kelowna Heat : RHP Sanya Mikushevich
|
|
Batting: SHB Ramon Perez
|
0-0: Ball 1-0: Foul Ball, location: 2F 1-1: DOUBLE (Flyball, 78D, EV 98.1 MPH)
|
|
Batting: RHB Drew Forbess
|
0-0: Ball 1-0: Called Strike 1-1: Ball 2-1: Ball 3-1: Base on Balls
|
|
Batting: RHB Alfredo Sena
|
0-0: Ball 1-0: Swinging Strike 1-1: Foul Ball, location: 2F 1-2: SINGLE (Groundball, 4MD, EV 104.4 MPH) Ramon Perez to third Drew Forbess to second
|
|
Batting: RHB Leo Serrano
|
0-0: Called Strike 0-1: Called Strike 0-2: Ball 1-2: Fly out, F9 (Line Drive, 9, EV 96.9 MPH) Runner from 3rd tags up, OUT at HOME! 9-2 Drew Forbess to third Alfredo Sena to second
|
|
Batting: RHB Jesus Menjivar
|
0-0: Called Strike 0-1: Ball 1-1: Called Strike 1-2: Foul Ball, location: 2F 1-2: Strikes out looking
|
| Bottom of the 4th over - 0 runs, 2 hits, 0 errors, 2 left on base; Kelowna 0 - Madison 0 |
| TOP OF THE 5TH |
|
Kelowna Heat batting - Pitching for Madison Brewers : RHP Tom Wendel
|
|
Batting: LHB Steve Nevis
|
0-0: Ball 1-0: Swinging Strike 1-1: Foul Ball, location: 2F 1-2: Strikes out swinging
|
|
Batting: RHB Malik Sharpless
|
0-0: Ball 1-0: Ball 2-0: Ball 3-0: Called Strike 3-1: Called Strike 3-2: Strikes out swinging
|
|
Batting: LHB Takaaki Nishimoto
|
0-0: Swinging Strike 0-1: Swinging Strike 0-2: Strikes out looking
|
| Top of the 5th over - 0 runs, 0 hits, 0 errors, 0 left on base; Kelowna 0 - Madison 0 |
| BOTTOM OF THE 5TH |
|
Madison Brewers batting - Pitching for Kelowna Heat : RHP Sanya Mikushevich
|
|
Batting: RHB Justin Marino
|
0-0: Ball 1-0: Ball 2-0: Ball 3-0: Called Strike 3-1: Called Strike 3-2: Foul Ball, location: 2F 3-2: Base on Balls
|
|
Batting: LHB Rick Campbell
|
0-0: Called Strike 0-1: DOUBLE (Flyball, 89D, EV 97.5 MPH) Justin Marino to third
|
|
Batting: RHB Victor Alarcon
|
0-0: Called Strike 0-1: Foul Ball, location: 2F 0-2: Foul Ball, location: 2F 0-2: SINGLE (Groundball, 4, EV 103.1 MPH) Justin Marino scores Rick Campbell to third Runner from 3rd tries for Home, SAFE, throw by CF to home
|
|
Pitching: LHP Ricky Coats
|
|
|
Batting: SHB Jerry Duffy
|
0-0: Called Strike 0-1: Ball 1-1: Foul Ball, location: 2F 1-2: Foul Ball, location: 2F 1-2: Ball 2-2: Ball 3-2: Foul Ball, location: 2F 3-2: Fly out, F8 (Line Drive, 8RM, EV 90.6 MPH)
|
|
Batting: SHB Ramon Perez
|
0-0: Called Strike 0-1: Ball 1-1: Ball 2-1: Swinging Strike 2-2: Strikes out looking
|
|
Batting: RHB Drew Forbess
|
0-0: Ball 1-0: Ball 2-0: Called Strike 2-1: Ball 3-1: SINGLE (Groundball, 34D, EV 101.3 MPH) Victor Alarcon to second Runner from 2nd tries for 3rd, SAFE, throw by RF made at trailing runner, OUT! 9-6
|
| Bottom of the 5th over - 2 runs, 3 hits, 0 errors, 1 left on base; Kelowna 0 - Madison 2 |
| TOP OF THE 6TH |
|
Kelowna Heat batting - Pitching for Madison Brewers : RHP Tom Wendel
|
|
Batting: RHB Bob Schweiger
|
0-0: Swinging Strike 0-1: Called Strike 0-2: Ball 1-2: Ball 2-2: Ground out 5-3 (Groundball, 5L, EV 76.3 MPH)
|
|
Batting: RHB Chance Robinson
|
0-0: Foul Ball, location: 2F 0-1: Foul Ball, location: 2F 0-2: Strikes out looking
|
|
Batting: RHB Miguel Gonzalez
|
0-0: Ball 1-0: Ball 2-0: Foul Ball, location: 2F 2-1: Swinging Strike 2-2: Foul Ball, location: 2F 2-2: Foul Ball, location: 2F 2-2: Fly out, F8 (Flyball, 8RM, EV 94.4 MPH)
|
| Top of the 6th over - 0 runs, 0 hits, 0 errors, 0 left on base; Kelowna 0 - Madison 2 |
| BOTTOM OF THE 6TH |
|
Madison Brewers batting - Pitching for Kelowna Heat : LHP Ricky Coats
|
|
Batting: RHB Alfredo Sena
|
0-0: Ground out 4-3 (Groundball, 4, EV 84.4 MPH)
|
|
Batting: RHB Leo Serrano
|
0-0: Called Strike 0-1: Swinging Strike 0-2: SINGLE (Flyball, 3D, EV 89.4 MPH)
|
|
Batting: RHB Jesus Menjivar
|
0-0: Ball 1-0: Ball 2-0: Called Strike 2-1: Foul Ball, location: 2F 2-2: Foul Ball, location: 2F 2-2: Foul Ball, location: 2F 2-2: Strikes out swinging Leo Serrano steals 2nd base Batter strikes out.
|
|
Pitching: LHP Sean Binns
|
|
|
Batting: RHB Justin Marino
|
0-0: Ball 1-0: Called Strike 1-1: Called Strike 1-2: Foul Ball, location: 2F 1-2: Strikes out looking
|
| Bottom of the 6th over - 0 runs, 1 hit, 0 errors, 1 left on base; Kelowna 0 - Madison 2 |
| TOP OF THE 7TH |
|
Kelowna Heat batting - Pitching for Madison Brewers : RHP Tom Wendel
|
|
Pitching: RHP Alejandro Souto
|
|
|
Now in LF: Victor Alarcon
|
|
|
Now in CF: Alfredo Sena
|
|
|
Now in RF: Steven Donovan
|
|
|
Batting: RHB Josh Truell
|
0-0: Ball 1-0: Ball 2-0: Called Strike 2-1: Ball 3-1: Fly out, F9 (Flyball, 9LD, EV 97.5 MPH)
|
|
Batting: LHB Chris West
|
0-0: Ball 1-0: Foul Ball, location: 2F 1-1: Ball 2-1: Ball 3-1: Foul Ball, location: 2F 3-2: Foul Ball, location: 2F 3-2: Foul Ball, location: 2F 3-2: SOLO HOME RUN (Flyball, 9LD, EV 89.4 MPH), Distance : 335 ft
|
|
Batting: RHB Billy Pranger
|
0-0: Swinging Strike 0-1: Ball 1-1: Fly out, F8 (Flyball, 8RXD, EV 83.1 MPH)
|
|
Batting: LHB Steve Nevis
|
0-0: Foul Ball, location: 2F 0-1: Foul Ball, location: 2F 0-2: Strikes out swinging
|
| Top of the 7th over - 1 run, 1 hit, 0 errors, 0 left on base; Kelowna 1 - Madison 2 |
| BOTTOM OF THE 7TH |
|
Madison Brewers batting - Pitching for Kelowna Heat : LHP Sean Binns
|
|
Batting: LHB Rick Campbell
|
0-0: Called Strike 0-1: Swinging Strike 0-2: Strikes out swinging
|
|
Batting: RHB Victor Alarcon
|
0-0: Called Strike 0-1: Ball 1-1: Fly out, F8 (Line Drive, 8LD, EV 88.1 MPH)
|
|
Batting: SHB Jerry Duffy
|
0-0: Foul Ball, location: 2F 0-1: Swinging Strike 0-2: Ball 1-2: Strikes out looking
|
| Bottom of the 7th over - 0 runs, 0 hits, 0 errors, 0 left on base; Kelowna 1 - Madison 2 |
| TOP OF THE 8TH |
|
Kelowna Heat batting - Pitching for Madison Brewers : RHP Alejandro Souto
|
|
Pitching: LHP Bill Dunham
|
|
|
Batting: RHB Malik Sharpless
|
0-0: Ground out 6-3 (Groundball, 56S, EV 66.9 MPH)
|
|
Batting: LHB Takaaki Nishimoto
|
0-0: Called Strike 0-1: SOLO HOME RUN (Flyball, 8RXD, EV 113.1 MPH), Distance : 455 ft
|
|
Batting: RHB Bob Schweiger
|
0-0: Ground out 5-3 (Groundball, 56S, EV 71.9 MPH)
|
|
Batting: RHB Chance Robinson
|
0-0: Called Strike 0-1: Called Strike 0-2: Ball 1-2: Strikes out swinging
|
| Top of the 8th over - 1 run, 1 hit, 0 errors, 0 left on base; Kelowna 2 - Madison 2 |
| BOTTOM OF THE 8TH |
|
Madison Brewers batting - Pitching for Kelowna Heat : LHP Sean Binns
|
|
Pitching: RHP Ricky Fo
|
|
|
Batting: SHB Ramon Perez
|
0-0: Ball 1-0: Foul Ball, location: 2F 1-1: Swinging Strike 1-2: Foul Ball, location: 2F 1-2: Ball 2-2: Strikes out swinging
|
|
Pinch Hitting: SHB Aaron Neill
|
0-0: Fly out, F7 (Flyball, 78M, EV 95.0 MPH)
|
|
Pinch Hitting: LHB Sal Burgos
|
0-0: Called Strike 0-1: Ball 1-1: Ball 2-1: Called Strike 2-2: Strikes out swinging
|
| Bottom of the 8th over - 0 runs, 0 hits, 0 errors, 0 left on base; Kelowna 2 - Madison 2 |
| TOP OF THE 9TH |
|
Kelowna Heat batting - Pitching for Madison Brewers : LHP Bill Dunham
|
|
Now at 1B: Sal Burgos
|
|
|
Now in CF: Aaron Neill
|
|
|
Batting: RHB Miguel Gonzalez
|
0-0: Swinging Strike 0-1: Ball 1-1: Foul Ball, location: 2F 1-2: Ball 2-2: Strikes out swinging
|
|
Batting: RHB Josh Truell
|
0-0: Called Strike 0-1: Swinging Strike 0-2: Ground out 6-3 (Groundball, 56D, EV 108.1 MPH)
|
|
Batting: LHB Chris West
|
0-0: Foul Ball, location: 2F 0-1: Swinging Strike 0-2: Foul Ball, location: 2F 0-2: Ball 1-2: Strikes out swinging
|
| Top of the 9th over - 0 runs, 0 hits, 0 errors, 0 left on base; Kelowna 2 - Madison 2 |
| BOTTOM OF THE 9TH |
|
Madison Brewers batting - Pitching for Kelowna Heat : RHP Ricky Fo
|
|
Pitching: RHP Jay Kouns
|
|
|
Pinch Hitting: SHB Sam Bingham
|
0-0: TRIPLE (Flyball, 7LD, EV 100.6 MPH)
|
|
Batting: LHB Steven Donovan
|
0-0: Intentional Walk
|
|
Pinch Hitting: RHB Herb McIntyre
|
0-0: SINGLE (Groundball, 56, EV 110.0 MPH) Sam Bingham scores
|
| Bottom of the 9th over - 1 run, 2 hits, 0 errors, 0 left on base; Kelowna 2 - Madison 3 |
| |
|
Game Over ... Madison defeats Kelowna, 3 to 2
|
|
|